 Dungeon Crawl Stone Soup version 0.32-a0-699-g1ee5eff69a (webtiles) character file.

Game seed: 9756526847372286385

185 NateTC the Trooper (level 5, -2/35 HPs)
             Began as a Gargoyle Fighter on Mar 14, 2024.
             Was an Initiate of Elyvilon.
             Slain by a river rat (6 damage)
             ... on level 3 of the Dungeon.
             The game lasted 00:08:46 (2322 turns).

NateTC the Trooper (Gargoyle Fighter)               Turns: 2322, Time: 00:08:47

Health: -2/35      AC: 10    Str: 22    XL:     5   Next: 64%
Magic:  0/5        EV:  8    Int:  8    God:    Elyvilon [......]
Gold:   105        SH:  5    Dex:  9    Spells: 4/4 levels left

rFire   + . .        a - +0 flail
rCold   . . .        c - +1 buckler
rNeg    + . .        b - +0 scale mail
rPois   ∞            (no helmet)
rElec   +            (no cloak)
rCorr   .            (no gloves)
SInv    .            (no boots)
Will    .....        m - amulet of guardian spirit Stlth
                     l - ring of protection from fire
HPRegen 0.25/turn    (no ring)
MPRegen 0.09/turn

%: guardian spirit
@: no status effects
A: sickness immunity, AC +4, negative energy resistance 1, electricity
resistance, torment resistance 1, petrification resistance
a: Renounce Religion


You were on level 3 of the Dungeon.
You worshipped Elyvilon.
Elyvilon was noncommittal.
You visited 1 branch of the dungeon, and saw 3 of its levels.

You collected 105 gold pieces.

Inventory:

Hand Weapons
 a - a +0 flail (weapon)
Armour
 b - a +0 scale mail (worn)
 c - a +1 buckler (worn)
 f - a +0 helmet
Jewellery
 j - a ring of wizardry
 l - a ring of protection from fire (left hand)
 m - an amulet of guardian spirit (around neck)
Wands
 n - a wand of warping (6)
Scrolls
 e - a scroll of teleportation
 i - a scroll of identify
 k - a scroll of noise
Potions
 d - a potion of might
 g - a potion of lignification
 h - a potion of degeneration


   Skills:
 - Level 5.1 Fighting
 * Level 4.1 Maces & Flails
 - Level 3.2 Armour
 + Level 3.5 Shields


You had 4 spell levels left.
You didn't know any spells.
Your spell library contained the following spells:

 Spells                   Type           Power      Damage    Failure   Level
 Apportation              Tloc           0%         N/A       80%         1
 Jinxbite                 Hex            0%         N/A       91%         2
 Scorch                   Fire           0%         2d5       91%         2
 Flame Wave               Conj/Fire      0%         2d4       100%        4
 Alistair's Intoxication  Alch           0%         N/A       100%        5
 Summon Cactus Giant      Summ           0%         N/A       100%        6


Dungeon Overview and Level Annotations

Branches:
Dungeon (3/15) Zot: 15592

Altars:
Elyvilon
Yredelemnul

Shops:
D:1 =!:?

Annotations:
D:3 1 runed translucent door


Innate Abilities, Weirdness & Mutations

You are immune to sickness and miasma.
Your stone body is resilient. (AC +4)
You are immune to poison.
You resist negative energy. (rN+)
You are resistant to electric shocks. (rElec)
You are resistant to unholy torment.
You are immune to petrification.


Message History

You closely miss the river rat.
The river rat is severely wounded.
The river rat barely misses you.
You barely miss the river rat.
The river rat is severely wounded.
The river rat twitches its whiskers.
The river rat bites you.
You closely miss the river rat.
The river rat is severely wounded.
The river rat closely misses you.
You hit the river rat.
The river rat is almost dead.
You hear the brisk rusting of a very distant drain.
You block the river rat's attack.
The river rat bites you but does no damage.
You barely miss the river rat.
The river rat is almost dead.
The river rat bites you!
You hit the river rat.
You kill the river rat!
You barely miss the river rat.
The river rat is almost dead.
The river rat bites you.
* * * LOW HITPOINT WARNING * * *
The river rat barely misses you.
You hit the river rat.
You kill the river rat!
You block the river rat's attack.
You hit the river rat.
The river rat is lightly wounded.
The river rat bites you!
* * * LOW HITPOINT WARNING * * *
You hit the river rat.
The river rat is moderately wounded.
The river rat barely misses you.
Okay, then.
You hit the river rat but do no damage.
The river rat is moderately wounded.
The river rat bites you.
You die...

##.......# #.........
#....#### )# #.........
###....# .# #.........
#......#### .. #.........
#.........# +# #.........
#.........# #. #.........
#.........# .# #.........
#...##....# ##.# #.###.....
######....# #@## #.####....
####....# ##r# #.........
#.......# #..### #........#
#.......# #P..P# #.........
##.......# ##..## #....:....
#........# #..†.####..†.#.b..
#........###............#....
#........#..............#....
#........#............)†#....


You could see a river rat.

Vanquished Creatures
  An orc priest (D:3)
  Robin (D:2)
  A gnoll (D:1)
  2 adders
  3 river rats (D:3)
  An adder zombie (D:3)
  A dart slug (D:1)
  3 orcs (D:3)
  6 endoplasms
  2 giant cockroaches
  13 goblins
  10 hobgoblins
  2 quokkas
  7 ball pythons
  A ball python zombie (D:3)
  9 bats
  4 frilled lizards
  11 kobolds
  4 rats
82 creatures vanquished.

Notes
Turn   | Place    | Note
-------+----------+-------------------------------------------
     0 | D:1      | NateTC the Gargoyle Fighter began the quest for the Orb.
     0 | D:1      | Reached XP level 1. HP: 14/14 MP: 1/1
    97 | D:1      | Found Ynwastra's Jewellery Emporium.
   208 | D:1      | Reached XP level 2. HP: 17/20 MP: 2/2
   492 | D:1      | Reached skill level 4 in Fighting
   524 | D:1      | Reached XP level 3. HP: 17/24 MP: 3/3
   659 | D:1      | Found Qaim's Book Shoppe.
   723 | D:1      | Found Zucoagh's Distillery.
   732 | D:1      | Found Beaclips's Magic Scroll Shop.
  1217 | D:2      | Noticed Robin
  1240 | D:2      | Reached XP level 4. HP: 15/30 MP: 1/4
  1484 | D:2      | Killed Robin
  1641 | D:2      | Found a white marble altar of Elyvilon.
  1649 | D:2      | Became a worshipper of Elyvilon the Healer
  1791 | D:2      | Reached skill level 5 in Fighting
  2054 | D:3      | Found a basalt altar of Yredelemnul.
  2148 | D:3      | Reached XP level 5. HP: 17/35 MP: 1/5
  2303 | D:3      | Found a runed translucent door.
  2322 | D:3      | Slain by a river rat

Illustrated notes

Levels and vault maps discovered:
D:1:      erik_arrival_blinker_ship, layout_basic, serial_shops,
          nicolae_shop_trees, nicolae_shop_hallway_stairs, shop_scrolls, shop,
          minmay_hexomino_p4
D:2:      layout_loops_ring, basic_altar, uniq_robin
D:3:      layout_basic, nicolae_yredelemnul_corpse_copse,
          lightli_sewer_entry_pipes, kennysheep_generic_room_6, uniq_terence,
          uniq_crazy_yiuf_cottage

Skill      XL: |  1  2  3  4  5 |
---------------+----------------+-----
Fighting       | 4 5 |  5.1
Maces & Flails | 3 4 |  4.1
Armour         | |  3.2
Shields        | |  3.5

Action                     |  1- 3 |  4- 6 || total
---------------------------+-------+-------++-------
  Melee: Flail             |   142 |   152 ||   294
    Use: Scroll            |     5 |     3 ||     8
 Armour: Scale mail        |   121 |   141 ||   262
  Dodge: Dodged            |    61 |   111 ||   172
  Block: Buckler           |    28 |    58 ||    86

Table legend: (Time is in decaauts)
 A = Elapsed time spent in this place.
 B = Non-inter-level travel time spent in this place.
 C = Inter-level travel time spent in this place.
 D = Time resting spent in this place.
 E = Time spent auto-exploring this place.
 F = Levels seen in this place.
 G = Mean time per level.
                   A        B        C        D        E       F      G
               +--------+--------+--------+--------+--------+-----+--------+
         Total |   2406 |   2338 |     68 |    245 |    631 |   3 |  802.0 |
       Dungeon |   2406 |   2338 |     68 |    245 |    631 |   3 |  802.0 |
               +--------+--------+--------+--------+--------+-----+--------+

Top non-repeatable levels by time:
     D:1: 1420 daAuts
     D:2: 673 daAuts
     D:3: 312 daAuts
